AoeStats
← CNZS_98T

Arabia

510312056Analyzed
1v1 RM · 1d ago on Sep 30, 2026· 41m 41s· 2 players
Game mode
Random Map
Map size
Tiny (2 player)
Population
200
Speed
Normal
Resources
Standard
Victory
Conquest
Starting age
Dark Age
Ending age
Imperial Age
RankedLock teamsTeams togetherTeam positionsShared explorationLock speedFull tech treeHidden civsTurbo modeCheats
Victory
Defeat
🇳🇱 Varangians · Netherlands
2574
+3
🇨🇳 Magyars · China
2157
-3
CNZS_98T
8:49 Feudal Age
10:09 Double-Bit Axe
10:32 Horse Collar
14:38 Wheelbarrow
14:20 Loom
18:08 Castle Age
17:52 Bloodlines
18:11 Forging
18:16 Light Cavalry
19:16 Husbandry
20:21 Scale Barding Armor
22:55 Bow Saw
25:48 Heavy Plow
28:50 Hand Cart
30:03 Chain Barding Armor
34:13 Imperial Age
33:52 Vendel Legacy
34:32 Town Watch
35:38 Plate Barding Armor
34:47 Cavalier
36:12 Gold Mining
36:13 Stone Mining
37:03 Conscription
38:24 Iron Casting
40:18 Blast Furnace
39:36 Fletching
40:11 Ballistics
40:56 Chemistry
40:49 Stone Shaft Mining
40:46 Crop Rotation
41:12 Hussar
Zionic
5:17 Loom
8:33 Feudal Age
9:25 Double-Bit Axe
10:56 Horse Collar
18:35 Castle Age
17:45 Bloodlines
18:11 Scale Barding Armor
18:39 Light Cavalry
19:58 Husbandry
20:43 Bow Saw
30:26 Imperial Age
28:58 Wheelbarrow
30:19 Thumb Ring
30:34 Fletching
31:24 Bodkin Arrow
34:36 Bracer
36:10 Padded Archer Armor
36:36 Recurve Bow
36:39 Gold Mining
37:43 Ballistics
40:41 Chemistry
Connection lost

Rejoining the realm…

Still unreachable

The connection could not be restored.

Session expired

The server has moved on; the page needs a fresh start.